[Event "17th Asian Continental-ch Women 2018"]
[Site "Makati City"]
[Date "2018.12.15"]
[Round "6.5"]
[White "Wang, Jue"]
[Black "Li, Yunshan"]
[Result "1-0"]
[ECO "A00"]
[WhiteElo "2367"]
[BlackElo "2196"]
[PlyCount "63"]
[EventDate "2018.12.07"]
[EventType "swiss"]
[EventCountry "PHI"]
[TimeControl "40/5400+30:1800+30"]

1. e4 c6 2. d4 d5 3. e5 c5 4. dxc5 e6 5. a3 Bxc5 6. b4 Bb6 7. Qg4 Ne7 8. Nf3 Ng6 9. Bd3 f5 10. Qh5 Nc6 11. Bb2 Nce7 12. Qg5 O-O 13. h4 h6 14. Qg3 Bd7 15. Nbd2 Bc7 16. O-O Qb8 17. Rfe1 Nh8 18. c4 dxc4 19. Nxc4 g6 20. Nd6 Nf7 21. Bc4 b5 22. Bb3 a5 23. Rad1 Rd8 24. Bc1 axb4 25. axb4 Ra1 26. Nxf7 Kxf7 27. Bxh6 Rxd1 28. Rxd1 Ng8 29. Bg5 Ne7 30. Bxe7 Kxe7 31. Qg5+ Ke8 32. Qxg6+ 1-0

[Event "17th Asian Continental-ch Women 2018"]
[Site "Makati City"]
[Date "2018.12.15"]
[Round "6.6"]
[White "Nguyen, Thi Thanh An"]
[Black "Citra, Dewi Ardhiani Anast"]
[Result "1/2-1/2"]
[ECO "A00"]
[WhiteElo "2262"]
[BlackElo "2215"]
[PlyCount "51"]
[EventDate "2018.12.07"]
[EventType "swiss"]
[EventCountry "PHI"]
[TimeControl "40/5400+30:1800+30"]

1. d4 d5 2. c4 Nc6 3. Nf3 Bg4 4. cxd5 Bxf3 5. gxf3 Qxd5 6. e3 e5 7. Nc3 Bb4 8. Bd2 Bxc3 9. bxc3 Qd6 10. Qb3 O-O-O 11. Rb1 b6 12. Bg2 f5 13. f4 exf4 14. O-O f3 15. Bxf3 Nf6 16. Qb5 Ne7 17. Qa6+ Kd7 18. Qxa7 Ke6 19. Qa6 Kd7 20. Qa4+ Kc8 21. Qa7 h5 22. Qa6+ Kd7 23. Qa4+ Kc8 24. Qa6+ Kd7 25. Qa4+ Kc8 26. Qa6+ 1/2-1/2

[Event "17th Asian Continental-ch Women 2018"]
[Site "Makati City"]
[Date "2018.12.15"]
[Round "6.7"]
[White "Ning, Kaiyu"]
[Black "Li, Xueyi"]
[Result "0-1"]
[ECO "A00"]
[WhiteElo "2247"]
[BlackElo "2187"]
[PlyCount "68"]
[EventDate "2018.12.07"]
[EventType "swiss"]
[EventCountry "PHI"]
[TimeControl "40/5400+30:1800+30"]

1. d4 d5 2. c4 e6 3. Nf3 c6 4. e3 Nf6 5. b3 Nbd7 6. Bd3 Bd6 7. Bb2 Qe7 8. Nbd2 dxc4 9. Nxc4 Bb4+ 10. Ncd2 c5 11. O-O cxd4 12. Nxd4 Ne5 13. Be2 O-O 14. a3 Ba5 15. f4 Bxd2 16. Qxd2 Ng6 17. a4 Rd8 18. Rfd1 Bd7 19. Bf3 e5 20. fxe5 Nxe5 21. Bxb7 Rab8 22. Bf3 Nxf3+ 23. gxf3 Re8 24. Re1 Rb6 25. a5 Ne4 26. Qc2 Rg6+ 27. Kh1 Nf6 28. e4 Nh5 29. Rg1 Qh4 30. Rxg6 hxg6 31. Rg1 Rc8 32. Qd2 Bh3 33. Ne2 Qf2 34. Qd3 Rc2 0-1

[Event "17th Asian Continental-ch Women 2018"]
[Site "Makati City"]
[Date "2018.12.15"]
[Round "6.8"]
[White "Doroy Allaney Jia G"]
[Black "Gu, Tianlu"]
[Result "0-1"]
[ECO "A00"]
[WhiteElo "1972"]
[BlackElo "2231"]
[PlyCount "114"]
[EventDate "2018.12.07"]
[EventType "swiss"]
[EventCountry "PHI"]
[TimeControl "40/5400+30:1800+30"]

1. c4 e5 2. g3 g6 3. Bg2 Bg7 4. Nc3 Ne7 5. e3 c5 6. Nge2 Nbc6 7. O-O O-O 8. d3 d6 9. Rb1 Rb8 10. a3 a5 11. Bd2 Be6 12. Nd5 b5 13. b3 b4 14. axb4 Bxd5 15. cxd5 Nxb4 16. Bxb4 Rxb4 17. Nc3 Qb8 18. Qc2 Qb7 19. Ne4 Qb6 20. Nd2 Rb8 21. e4 f5 22. Ra1 Qc7 23. Ra3 fxe4 24. dxe4 c4 25. bxc4 Bh6 26. Qd3 Rb2 27. Nb1 Qc5 28. Rc3 a4 29. h4 Kg7 30. Bh3 R8b7 31. Be6 Rb8 32. Bd7 a3 33. Nxa3 Rd2 34. Qf3 Ng8 35. Rb3 Rf8 36. Qg2 Nf6 37. Be6 Nxe4 38. Rf3 Nf6 39. g4 Bf4 40. g5 Ne4 41. Kh1 Ra2 42. Nb1 Qxc4 43. Ra3 Rxa3 44. Nxa3 Qd3 45. Re1 Nd2 46. Qh3 Nf3 47. Ra1 e4 48. Qf1 Nxh4 49. Qxd3 exd3 50. Nc4 Nf3 51. Rd1 d2 52. Kg2 Nxg5 53. Bg4 Ne4 54. Ne3 Bxe3 55. fxe3 Rf2+ 56. Kg1 h5 57. Bh3 Re2 0-1

[Event "17th Asian Continental-ch Women 2018"]
[Site "Makati City"]
[Date "2018.12.15"]
[Round "6.9"]
[White "Secopito, Catherine"]
[Black "Nakhbayeva, Guliskhan"]
[Result "0-1"]
[ECO "A00"]
[WhiteElo "2145"]
[BlackElo "2371"]
[PlyCount "134"]
[EventDate "2018.12.07"]
[EventType "swiss"]
[EventCountry "PHI"]
[TimeControl "40/5400+30:1800+30"]

1. d4 Nf6 2. c4 e6 3. Nc3 Bb4 4. e3 O-O 5. a3 Bxc3+ 6. bxc3 c5 7. Nf3 d5 8. cxd5 exd5 9. dxc5 Nbd7 10. c4 Nxc5 11. cxd5 Bf5 12. Bb2 Nxd5 13. Bc4 Nb6 14. Qd4 Qxd4 15. Bxd4 Nxc4 16. Bxc5 Rfc8 17. Bd4 Nxa3 18. O-O Nb5 19. Ra5 a6 20. Bb6 Rc6 21. Nd4 Rxb6 22. Nxf5 Kf8 23. Rb1 Rc8 24. g4 Rbc6 25. Kg2 Rc1 26. Rb3 Rd1 27. h4 g6 28. Ng3 Nd6 29. h5 Rc2 30. Ra4 Rdd2 31. Rf4 b5 32. Ra3 Rc6 33. h6 Nc4 34. Rb3 g5 35. Rf5 Nd6 36. Rxg5 Rcc2 37. Nh1 Rc6 38. Ng3 Rcc2 39. Nh1 Ne4 40. Rf5 Rc3 41. Rb1 Rc6 42. Rb4 Nd6 43. Rg5 Nc4 44. Rb3 Rxh6 45. Rc5 Rg6 46. Kh3 Nd6 47. Ra3 Ne4 48. Rf5 Rd1 49. Ng3 Nxg3 50. Kxg3 b4 51. Rb3 Rb6 52. Ra5 Rc1 53. Ra4 Rc4 54. f3 Ke7 55. e4 Ke6 56. Kf4 Kd6 57. Ra5 Rc5 58. Ra1 a5 59. Rh1 Rcb5 60. Rxh7 a4 61. Rb1 f6 62. Rh5 b3 63. Rc1 Rxh5 64. gxh5 b2 65. Rg1 a3 66. h6 Rb8 67. h7 a2 0-1

[Event "17th Asian Continental-ch Women 2018"]
[Site "Makati City"]
[Date "2018.12.15"]
[Round "6.10"]
[White "Aulia, Medina Warda"]
[Black "Bach, Ngoc Thuy Duong"]
[Result "1-0"]
[ECO "A00"]
[WhiteElo "2366"]
[BlackElo "2131"]
[PlyCount "115"]
[EventDate "2018.12.07"]
[EventType "swiss"]
[EventCountry "PHI"]
[TimeControl "40/5400+30:1800+30"]

1. e4 c5 2. Nf3 d6 3. d4 cxd4 4. Nxd4 Nf6 5. Nc3 a6 6. Be2 e5 7. Nb3 Be7 8. O-O O-O 9. a4 Be6 10. Bf3 Nbd7 11. Re1 Rc8 12. Nd2 Bc4 13. a5 b5 14. axb6 Bb5 15. b7 Rb8 16. Nf1 Bxf1 17. Rxf1 a5 18. Nd5 Rxb7 19. Nxe7+ Qxe7 20. Rxa5 Nc5 21. Re1 Qc7 22. Ra3 h6 23. c3 Qc6 24. Qc2 Rc8 25. b4 Ncd7 26. Qd3 Nb6 27. h3 Nc4 28. Ra2 Nb6 29. Bd2 Nc4 30. Be3 Rbc7 31. Bc1 Rb7 32. Bg4 Nxg4 33. hxg4 Nb6 34. g5 Qxc3 35. Qxc3 Rxc3 36. gxh6 gxh6 37. Bxh6 Rb3 38. Bd2 Nc4 39. Rc2 Nxd2 40. Rxd2 Rb6 41. Red1 R6xb4 42. f3 Rc4 43. Rxd6 Rc2 44. R1d2 Rc1+ 45. Kh2 Kg7 46. Kg3 Rb8 47. R6d5 Re8 48. Rd6 Rh1 49. Ra6 Re7 50. Kg4 Rh2 51. Kg3 Rh5 52. Kg4 Rh2 53. Rad6 Rh1 54. g3 Rg1 55. Rh2 Re8 56. Rh5 f6 57. Rd7+ Kg6 58. Rdh7 1-0

[Event "17th Asian Continental-ch Women 2018"]
[Site "Makati City"]
[Date "2018.12.15"]
[Round "6.11"]
[White "Makhija, Aashna"]
[Black "Fronda, Jan Jodilyn"]
[Result "0-1"]
[ECO "A00"]
[WhiteElo "2181"]
[BlackElo "2139"]
[PlyCount "128"]
[EventDate "2018.12.07"]
[EventType "swiss"]
[EventCountry "PHI"]
[TimeControl "40/5400+30:1800+30"]

1. e4 d5 2. exd5 Qxd5 3. Nc3 Qa5 4. Bc4 Nf6 5. d3 Bg4 6. f3 Bd7 7. Bd2 Qe5+ 8. Nge2 e6 9. d4 Qd6 10. O-O Be7 11. Bf4 Qb6 12. Qd2 Nc6 13. Be3 Nb4 14. Bf2 Nbd5 15. Ne4 O-O 16. Bb3 Nxe4 17. fxe4 Nf6 18. Qf4 c5 19. c3 a5 20. e5 Nd5 21. Qg4 Rad8 22. Ng3 a4 23. Nh5 g6 24. Bxd5 exd5 25. Qg3 Kh8 26. dxc5 Qxb2 27. Rab1 Qe2 28. Nf6 Bxf6 29. exf6 Bc6 30. Qh4 d4 31. cxd4 g5 32. Qg3 Qxa2 33. Ra1 Qd5 34. Rae1 Rde8 35. Be3 Rg8 36. Qh3 a3 37. Rf5 Qe6 38. Bf2 a2 39. Rfe5 Qxf6 40. Qa3 Ra8 41. Qb2 Rge8 42. Bg3 Qg7 43. Qxa2 f6 44. Rxe8+ Rxe8 45. Rxe8+ Bxe8 46. Qe6 Qf7 47. Qd6 Bc6 48. h3 Kg7 49. Bf2 h5 50. Qg3 Qd5 51. h4 Kg6 52. Be3 Qe4 53. hxg5 h4 54. Qf2 fxg5 55. Kf1 Qb1+ 56. Ke2 Qc2+ 57. Ke1 Qb1+ 58. Kd2 Qe4 59. Kc3 Qxg2 60. Qf8 Qd5 61. Qc8 Bd7 62. Qc7 h3 63. Qg3 Be6 64. Kd2 h2 0-1

[Event "17th Asian Continental-ch Women 2018"]
[Site "Makati City"]
[Date "2018.12.15"]
[Round "6.12"]
[White "Alinasab, Mobina"]
[Black "Nandhidhaa, P V"]
[Result "1/2-1/2"]
[ECO "A00"]
[WhiteElo "2295"]
[BlackElo "2267"]
[PlyCount "307"]
[EventDate "2018.12.07"]
[EventType "swiss"]
[EventCountry "PHI"]
[TimeControl "40/5400+30:1800+30"]

1. e4 c5 2. Nf3 e6 3. d4 cxd4 4. Nxd4 Nc6 5. Nc3 Qc7 6. g3 a6 7. Bg2 Nf6 8. O-O h5 9. h3 Bc5 10. Nxc6 dxc6 11. e5 Qxe5 12. Bf4 Qd4 13. Qe2 Be7 14. Rfd1 Qa7 15. Na4 Bd7 16. Be5 c5 17. Nc3 Rc8 18. Ne4 Nxe4 19. Bxe4 Bf6 20. Bxf6 gxf6 21. Qf3 f5 22. Bxb7 Rc7 23. Rxd7 Kxd7 24. Rd1+ Ke8 25. Qc3 Rg8 26. Qf6 Qb8 27. Bxa6 Rc6 28. Be2 Rd6 29. Re1 Rd2 30. Qc3 Qb4 31. Qxb4 cxb4 32. Bxh5 Rh8 33. g4 Ke7 34. c3 bxc3 35. bxc3 Rxa2 36. c4 Ra7 37. Kg2 Rc7 38. Ra1 fxg4 39. hxg4 Rhc8 40. Kg3 Rxc4 41. g5 e5 42. Ra7+ R8c7 43. Ra5 R4c5 44. Rxc5 Rxc5 45. f3 Rc1 46. Kg2 f6 47. gxf6+ Kxf6 48. Kg3 Rc5 49. Kg4 Rc4+ 50. Kg3 Kg5 51. Bf7 Rd4 52. Bg8 Rd1 53. Be6 Rg1+ 54. Kf2 Rc1 55. Ke3 Rd1 56. Bg8 Re1+ 57. Kf2 Ra1 58. Ke3 Ra3+ 59. Ke4 Kf6 60. Bd5 Ra7 61. Bg8 Ra8 62. Bd5 Rb8 63. Ke3 Rb4 64. Kf2 Rb5 65. Be4 Rb4 66. Bd5 Ra4 67. Be4 Kg5 68. Kg3 Ra1 69. Bh7 Ra2 70. Be4 Rd2 71. Bh7 Rd4 72. Be4 Rb4 73. Bd3 Rf4 74. Be4 Kf6 75. Kf2 Ke6 76. Ke3 Kd6 77. Bb1 Kc5 78. Ba2 Kb4 79. Bb1 Kc3 80. Be4 Rh4 81. Bf5 Rd4 82. Bg6 Kb2 83. Be4 Rd1 84. Bf5 Kc3 85. Ke4 Rd3 86. Bg4 Kd2 87. Kxe5 Ke3 88. Kf5 Rd5+ 89. Ke6 Ra5 90. Kf6 Kf4 91. Kg7 Kg5 92. Be6 Ra7+ 93. Bf7 Kf5 94. Kg8 Kf6 95. Bd5 Rg7+ 96. Kh8 Rg5 97. Bc4 Rc5 98. Ba2 Rc2 99. Bd5 Rd2 100. Bg8 Rh2+ 101. Bh7 Kf7 102. f4 Rb2 103. Bg8+ Kf8 104. f5 Rh2+ 105. Bh7 Kf7 106. f6 Kxf6 107. Kg8 Rg2+ 108. Kh8 Kf7 109. Bd3 Rh2+ 110. Bh7 Rd2 111. Bg8+ Kf6 112. Bh7 Rd8+ 113. Bg8 Rd7 114. Bb3 Rc7 115. Ba2 Kg6 116. Bb1+ Kh6 117. Ba2 Ra7 118. Bb3 Rh7+ 119. Kg8 Rb7 120. Bc4 Rc7 121. Ba2 Kg6 122. Bb1+ Kf6 123. Kh8 Rc8+ 124. Kh7 Rc1 125. Be4 Re1 126. Bd3 Re3 127. Bb1 Rh3+ 128. Kg8 Rb3 129. Be4 Rb5 130. Bd3 Rc5 131. Bb1 Ra5 132. Bc2 Ra3 133. Kh7 Ra5 134. Kh8 Rg5 135. Bb1 Rb5 136. Bd3 Rb4 137. Bh7 Rh4 138. Kg8 Rg4+ 139. Kh8 Kf7 140. Bc2 Rg8+ 141. Kh7 Rg3 142. Kh8 Rh3+ 143. Bh7 Rc3 144. Bg8+ Kf8 145. Bh7 Rc8 146. Bg6 Rc6 147. Bh7 Rc7 148. Bg6 Rg7 149. Bd3 Rg8+ 150. Kh7 Rg4 151. Bf5 Rc4 152. Bb1 Rb4 153. Ba2 Rb7+ 154. Kg6 1/2-1/2

[Event "17th Asian Continental-ch Women 2018"]
[Site "Makati City"]
[Date "2018.12.15"]
[Round "6.13"]
[White "Frayna, Janelle Mae"]
[Black "Anisa, Aay Aisyah"]
[Result "1-0"]
[ECO "A00"]
[WhiteElo "2228"]
[BlackElo "1985"]
[PlyCount "91"]
[EventDate "2018.12.07"]
[EventType "swiss"]
[EventCountry "PHI"]
[TimeControl "40/5400+30:1800+30"]

1. Nf3 Nf6 2. c4 c5 3. g3 Nc6 4. Bg2 g6 5. O-O Bg7 6. Nc3 O-O 7. d4 cxd4 8. Nxd4 Qb6 9. Nc2 d6 10. h3 Be6 11. b3 Rfd8 12. e4 Nh5 13. Na4 Qa6 14. Nb2 b5 15. g4 Nf6 16. cxb5 Qxb5 17. Qd3 Rab8 18. f4 Rdc8 19. Qxb5 Rxb5 20. Nd3 Ne8 21. Bb2 Bxb2 22. Nxb2 f5 23. exf5 Rc5 24. Rf2 Bf7 25. b4 Rc3 26. Nd1 Rc4 27. Nce3 Nxb4 28. Nxc4 Rxc4 29. fxg6 hxg6 30. Ne3 Rd4 31. a3 Na6 32. f5 g5 33. Re1 Kf8 34. Nc2 Rc4 35. Bf1 Ra4 36. Bb5 Ra5 37. a4 Nac7 38. Nd4 Bd5 39. Ne6+ Kf7 40. Nxg5+ Kf6 41. Nh7+ Kf7 42. Rfe2 e5 43. fxe6+ Ke7 44. Bxe8 Nxe8 45. Rf2 Bxe6 46. Nf8 1-0

[Event "17th Asian Continental-ch Women 2018"]
[Site "Makati City"]
[Date "2018.12.15"]
[Round "6.14"]
[White "Mendoza, Shania Mae"]
[Black "Nithyalakshmi, Sivanesan"]
[Result "1-0"]
[ECO "A00"]
[WhiteElo "2165"]
[BlackElo "1942"]
[PlyCount "91"]
[EventDate "2018.12.07"]
[EventType "swiss"]
[EventCountry "PHI"]
[TimeControl "40/5400+30:1800+30"]

1. Nf3 d6 2. e4 g6 3. d4 Bg7 4. Bc4 Nf6 5. Qe2 O-O 6. e5 dxe5 7. dxe5 Nd5 8. h3 c6 9. O-O h6 10. Bd3 e6 11. c4 Ne7 12. Nc3 Nd7 13. Bf4 a5 14. Rad1 Qc7 15. Rfe1 Nc5 16. Bc2 b6 17. Qe3 Kh7 18. g4 Ba6 19. b3 Rad8 20. h4 Rxd1 21. Rxd1 Rd8 22. Rd6 Rg8 23. h5 Bf8 24. Rd1 Bb7 25. Kh2 Ba6 26. a3 Bg7 27. Rh1 Rh8 28. Kg2 Kg8 29. hxg6 Nxg6 30. Bxh6 Nd7 31. Bxg6 fxg6 32. Bxg7 Rxh1 33. Kxh1 Kxg7 34. Qg5 Nf8 35. Qf6+ Kg8 36. Ng5 Qd7 37. Kh2 Bc8 38. Nce4 Qg7 39. Qf4 Nd7 40. Kg1 Qe7 41. Nd6 Ba6 42. b4 axb4 43. axb4 Qg7 44. b5 cxb5 45. cxb5 Bxb5 46. Nxb5 1-0

[Event "17th Asian Continental-ch Women 2018"]
[Site "Makati City"]
[Date "2018.12.15"]
[Round "6.15"]
[White "Karenza, Dita"]
[Black "San Diego, Marie Antoinette"]
[Result "1-0"]
[ECO "A00"]
[WhiteElo "1944"]
[BlackElo "2111"]
[PlyCount "135"]
[EventDate "2018.12.07"]
[EventType "swiss"]
[EventCountry "PHI"]
[TimeControl "40/5400+30:1800+30"]

1. e4 c5 2. c3 d5 3. exd5 Qxd5 4. Na3 Nf6 5. Nf3 Bg4 6. Be2 Nc6 7. O-O e6 8. h3 Bh5 9. d4 cxd4 10. Nb5 Rc8 11. Nbxd4 Nxd4 12. Nxd4 Bxe2 13. Qxe2 Bc5 14. Rd1 O-O 15. Nb3 Qf5 16. Nxc5 Rxc5 17. Be3 Ra5 18. c4 b6 19. Bd4 Rc8 20. b3 e5 21. Be3 h6 22. a4 e4 23. c5 Rcxc5 24. Bxc5 Rxc5 25. Rac1 Re5 26. g4 Qe6 27. Qc4 Nd5 28. Qc8+ Kh7 29. Qxe6 fxe6 30. Re1 Nf4 31. Rc4 Nxh3+ 32. Kh2 Ng5 33. Kg3 Rd5 34. Rc7 e5 35. Rxa7 Rd3+ 36. Re3 Rd1 37. Kg2 Rc1 38. Ra6 Nf3 39. Rxe4 Nh4+ 40. Kh2 Rf1 41. Rxe5 Rxf2+ 42. Kg3 Rf3+ 43. Kxh4 g5+ 44. Rxg5 hxg5+ 45. Kxg5 Rxb3 46. Ra7+ Kg8 47. Kg6 Kf8 48. g5 Rg3 49. Rb7 Rg4 50. Rxb6 Rxa4 51. Rb8+ Ke7 52. Kg7 Rg4 53. g6 Rg1 54. Rb3 Re1 55. Rf3 Re2 56. Rf7+ Ke8 57. Kg8 Rg2 58. g7 Rg1 59. Rf2 Rh1 60. Re2+ Kd7 61. Re5 Kd6 62. Re4 Kd7 63. Kf7 Rf1+ 64. Kg6 Rg1+ 65. Kf6 Rg2 66. Re5 Kd6 67. Rg5 Rf2+ 68. Kg6 1-0

[Event "17th Asian Continental-ch Women 2018"]
[Site "Makati City"]
[Date "2018.12.15"]
[Round "6.16"]
[White "Galas, Bernadette"]
[Black "San Diego, Jerlyn Mae"]
[Result "0-1"]
[ECO "A00"]
[WhiteElo "2100"]
[BlackElo "1932"]
[PlyCount "138"]
[EventDate "2018.12.07"]
[EventType "swiss"]
[EventCountry "PHI"]
[TimeControl "40/5400+30:1800+30"]

1. e4 c5 2. b3 g6 3. Bb2 Nf6 4. e5 Nd5 5. g3 Bg7 6. Bg2 Nb4 7. Bc3 N4c6 8. Nf3 O-O 9. O-O d6 10. exd6 e5 11. Re1 Qxd6 12. Na3 Bg4 13. h3 Bxf3 14. Qxf3 a6 15. Nc4 Qc7 16. Qd5 Nd7 17. Qd6 Qxd6 18. Nxd6 Nd4 19. Rac1 Rab8 20. Nxb7 f5 21. Bxd4 cxd4 22. Bd5+ Kh8 23. Nd6 h6 24. d3 Nb6 25. Bf3 Rf6 26. Nc4 Nxc4 27. bxc4 Rfb6 28. Bd5 h5 29. Kg2 Rb2 30. f4 exf4 31. gxf4 Rxa2 32. Re6 Kh7 33. Kf3 Rbb2 34. c5 Ra5 35. Bc4 Rxc5 36. Rxa6 Rc7 37. h4 Re7 38. Re6 Rxe6 39. Bxe6 Rb7 40. Re1 Bf6 41. Rh1 Re7 42. Bb3 Re3+ 43. Kf2 Be7 44. Bc4 Bc5 45. Bb5 Re7 46. Rg1 Bd6 47. Re1 Rxe1 48. Kxe1 Be7 49. Ke2 Bxh4 50. Kf3 Be1 51. Ke2 Bc3 52. Bc6 h4 53. Bd5 Bb4 54. Bc6 Bd6 55. Kf3 Kh6 56. Bd5 h3 57. Kg3 g5 58. Kxh3 Bxf4 59. Kg2 g4 60. Kf1 Kg5 61. Ke2 Be5 62. Bc6 f4 63. Kf2 f3 64. Bd5 Kf4 65. Be6 Bf6 66. Bd5 g3+ 67. Kg1 g2 68. Kh2 Ke3 69. Kg1 Ke2 0-1

[Event "17th Asian Continental-ch Women 2018"]
[Site "Makati City"]
[Date "2018.12.15"]
[Round "6.17"]
[White "Zhang, Xiao"]
[Black "Mejia, Cherry Ann"]
[Result "1-0"]
[ECO "A00"]
[WhiteElo "2017"]
[BlackElo "1980"]
[PlyCount "65"]
[EventDate "2018.12.07"]
[EventType "swiss"]
[EventCountry "PHI"]
[TimeControl "40/5400+30:1800+30"]

1. d4 Nf6 2. c4 e6 3. Nf3 d5 4. e3 Bb4+ 5. Nbd2 O-O 6. b3 a6 7. Bd3 dxc4 8. bxc4 c5 9. Bb2 Nc6 10. O-O cxd4 11. exd4 b6 12. Rc1 Bb7 13. Bb1 Rc8 14. Qc2 Bxd2 15. d5 Nb4 16. Qxd2 a5 17. a3 Na6 18. Qd3 Nc5 19. Qc2 Nce4 20. Nd2 exd5 21. f3 Re8 22. fxe4 dxe4 23. Rce1 Ng4 24. h3 Ne5 25. Nxe4 f5 26. Rxf5 Nxc4 27. Ba2 Bd5 28. Nf6+ gxf6 29. Rxe8+ Qxe8 30. Rxd5 Ne3 31. Rd8+ Kg7 32. Qxc8 Qe4 33. Rg8+ 1-0

[Event "17th Asian Continental-ch Women 2018"]
[Site "Makati City"]
[Date "2018.12.15"]
[Round "6.18"]
[White "Bernales, Christy Lamiel"]
[Black "Mordido, Kylen Joy"]
[Result "1-0"]
[ECO "A00"]
[WhiteElo "1996"]
[BlackElo "2045"]
[PlyCount "75"]
[EventDate "2018.12.07"]
[EventType "swiss"]
[EventCountry "PHI"]
[TimeControl "40/5400+30:1800+30"]

1. e4 c5 2. Nc3 Nc6 3. Bb5 Nd4 4. f4 g6 5. Nf3 Bg7 6. O-O a6 7. Bd3 e6 8. Nxd4 cxd4 9. Ne2 d5 10. e5 f6 11. exf6 Qxf6 12. c3 dxc3 13. bxc3 Ne7 14. Ba3 O-O 15. Rb1 b5 16. Bd6 Bd7 17. a4 bxa4 18. Rb7 Rfd8 19. Nd4 Nc8 20. Be5 Qe7 21. Qe2 Bf8 22. Qg4 Qe8 23. Qh4 Be7 24. Qh6 Bf8 25. Qh4 Be7 26. Qh3 Nd6 27. Rxd7 Qxd7 28. Bxg6 hxg6 29. Qh8+ Kf7 30. Qg7+ Ke8 31. Qxg6+ Nf7 32. Nxe6 Qa7+ 33. Bd4 Qb7 34. Qg8+ Kd7 35. Qxf7 Kc8 36. Nxd8 Bxd8 37. Qxb7+ Kxb7 38. Ra1 1-0

[Event "17th Asian Continental-ch Women 2018"]
[Site "Makati City"]
[Date "2018.12.15"]
[Round "6.19"]
[White "Doan, Thi Van Anh"]
[Black "Wang, Ying"]
[Result "1-0"]
[ECO "A00"]
[WhiteElo "1950"]
[BlackElo "1324"]
[PlyCount "77"]
[EventDate "2018.12.07"]
[EventType "swiss"]
[EventCountry "PHI"]
[TimeControl "40/5400+30:1800+30"]

1. d4 d5 2. c4 e6 3. Nc3 c6 4. Nf3 Nf6 5. Bg5 h6 6. Bh4 dxc4 7. e4 Be7 8. a4 Qa5 9. Bxf6 Bxf6 10. Bxc4 O-O 11. O-O Qc7 12. e5 Be7 13. Qe2 Na6 14. Rac1 Nb4 15. Ne4 a6 16. h3 Qd8 17. Rfd1 Bd7 18. Nh2 Nd5 19. Ba2 f5 20. exf6 Bxf6 21. Ng4 Bg5 22. Ra1 Nf4 23. Qc2 Kh8 24. Bb1 Be8 25. Ne5 Bg6 26. Nxg6+ Nxg6 27. Nxg5 Qxg5 28. Qxg6 Qxg6 29. Bxg6 Rf6 30. Be4 Rd8 31. b4 Rd6 32. Rab1 b6 33. Rbc1 e5 34. dxe5 Rxd1+ 35. Rxd1 Rf8 36. e6 g5 37. e7 Rg8 38. Rd8 Kg7 39. Rxg8+ 1-0

[Event "17th Asian Continental-ch Women 2018"]
[Site "Makati City"]
[Date "2018.12.16"]
[Round "7"]
[White "Pham, Le Thao Nguyen"]
[Black "Zhu, Jiner"]
[Result "1-0"]
[ECO "E69"]
[WhiteElo "2363"]
[BlackElo "2409"]
[Annotator "NA"]
[PlyCount "81"]
[EventDate "2018.12.07"]
[EventType "swiss"]
[EventCountry "PHI"]
[SourceTitle "playchess.com"]
[Source "ChessBase"]
[SourceQuality "1"]
[TimeControl "40/5400+30:1800+30"]

1. d4 Nf6 2. Nf3 g6 3. g3 Bg7 4. Bg2 O-O 5. O-O d6 6. c4 c6 7. Nc3 Qa5 8. e4 e5 9. h3 Nbd7 10. Be3 exd4 11. Nxd4 Nb6 12. Nb3 {[%emt 0:15:00] E69: King's Indian: Fianchetto: 6...Nbd7 7 0-0 e5 8 e4 c6 9 h3} Qa6 13. c5 Nc4 14. Bd4 Nxb2 (14... dxc5 15. Nxc5 Qa5 16. Qe2 Nb6 17. a3 Nbd7 18. b4 Qc7 19. Rfd1 Re8 {1-0 (51) Cheparinov,I (2710)-Mchedlishvili,M (2603) Riadh 2017}) 15. Qc2 Nc4 16. cxd6 Nd7 17. Rfd1 $146 ({Predecessor:} 17. Bxg7 Kxg7 18. Rad1 f6 19. Rfe1 Qa3 {1-0 (28) David,V (2399)-Valles,M (2142) Saint Affrique 2009}) 17... b5 18. a4 b4 19. Bxg7 Kxg7 20. Na2 Nce5 21. Nxb4 Qb6 22. Nd3 Ba6 $18 (22... Nxd3 23. Rxd3 Rb8 24. Qc3+ Kg8) 23. Nxe5 Nxe5 24. Nc5 Bc4 25. Nd7 Nxd7 26. Qxc4 Rab8 27. Rac1 c5 28. h4 Qb2 29. Bh3 Rb4 30. Qc3+ Qxc3 31. Rxc3 Rd8 32. Bxd7 Rxd7 33. e5 Rxa4 34. Rxc5 Re4 35. Rdc1 Rb7 36. R1c4 Re1+ 37. Kg2 h6 38. Rc7 Rb8 39. Re7 Rf8 40. Rcc7 a5 41. e6 1-0

[Event "17th Asian Continental-ch Women 2018"]
[Site "Makati City"]
[Date "2018.12.16"]
[Round "7"]
[White "Gu, Tianlu"]
[Black "Wang, Jue"]
[Result "0-1"]
[ECO "C88"]
[WhiteElo "2231"]
[BlackElo "2367"]
[Annotator "NA"]
[PlyCount "96"]
[EventDate "2018.12.07"]
[EventType "swiss"]
[EventCountry "PHI"]
[SourceTitle "playchess.com"]
[Source "ChessBase"]
[SourceQuality "1"]
[TimeControl "40/5400+30:1800+30"]

1. e4 e5 2. Nf3 Nc6 3. Bb5 a6 4. Ba4 Nf6 5. O-O Be7 6. Re1 b5 7. Bb3 O-O 8. a4 b4 9. d4 d6 10. dxe5 Nxe5 11. Nxe5 {[%emt 0:03:09] C88: Closed Ruy Lopez: Anti-Marshall Systems} (11. Nbd2 Nfd7 12. Nd4 Bb7 13. f4 Ng6 14. N2f3 Bf6 15. Bd5 Bxd5 16. exd5 Ne7 17. a5 Qc8 18. Nc6 Re8 19. Nxb4 {1-0 (28) Wei,Y (2729)-So,W (2780) chess.com INT 2018}) 11... dxe5 12. Qxd8 Rxd8 13. f3 Bc5+ 14. Kh1 $146 ({Predecessor:} 14. Kf1 a5 15. Bc4 h6 16. Nd2 Ne8 17. Nb3 Bb6 18. Be3 Nd6 {½-½ (37) Vasiukov,E (2499)-Tseshkovsky,V (2520) Dresden 2007}) 14... a5 15. Bc4 Ba6 16. Bxa6 Rxa6 17. Nd2 Rc6 18. c3 bxc3 19. bxc3 Bb6 $17 20. Nb1 Rd3 21. Na3 Nd7 22. Bb2 f6 23. h3 Kf7 24. Nb5 Rc4 25. Red1 Rxd1+ 26. Rxd1 Ke8 27. Ba3 Rxa4 28. h4 Kd8 29. Bf8 g6 30. g4 Rc4 31. Rd3 Bc5 32. Na3 Bxa3 33. Bxa3 Ra4 34. Bc5 Ke8 35. Be3 Rc4 36. Rd5 a4 37. Ra5 Rxc3 38. Bd2 Rxf3 39. Ra8+ Ke7 40. Kg2 Rd3 41. Bc1 Rc3 42. Bh6 a3 43. g5 fxg5 44. Bxg5+ Kd6 45. Ra6+ c6 46. Ra7 Rc2+ 47. Kf3 a2 48. Ke3 Rh2 0-1

[Event "17th Asian Continental-ch Women 2018"]
[Site "Makati City"]
[Date "2018.12.16"]
[Round "7.4"]
[White "Munkhzul, Turmunkh"]
[Black "Vo, Thi Kim Phung"]
[Result "1/2-1/2"]
[ECO "A00"]
[WhiteElo "2255"]
[BlackElo "2352"]
[PlyCount "117"]
[EventDate "2018.12.07"]
[EventType "swiss"]
[EventCountry "PHI"]
[TimeControl "40/5400+30:1800+30"]

1. e4 e6 2. d4 d5 3. Nd2 c5 4. exd5 exd5 5. Ngf3 Nf6 6. Bb5+ Bd7 7. Bxd7+ Nbxd7 8. O-O Be7 9. dxc5 Nxc5 10. Nb3 Nce4 11. Nfd4 O-O 12. Nf5 Re8 13. Nxe7+ Qxe7 14. f3 Nd6 15. Bg5 Nc4 16. Qd4 Qe5 17. Qxe5 Rxe5 18. Bf4 Re7 19. Bc1 Rae8 20. Nd4 Ne5 21. Bg5 Nc6 22. Rad1 Nxd4 23. Rxd4 Re2 24. Bxf6 gxf6 25. Rc1 Rc8 26. Rxd5 Rcxc2 27. Rxc2 Rxc2 28. Rb5 b6 29. h4 Kg7 30. Kh2 Rf2 31. Kg3 Rc2 32. Kh3 Rf2 33. a4 h6 34. b4 Ra2 35. a5 bxa5 36. bxa5 a6 37. Rc5 Ra3 38. Kg3 Kg6 39. h5+ Kg7 40. Kf4 Ra2 41. g4 Ra4+ 42. Ke3 Kf8 43. Rf5 Ke7 44. Kd3 Ke6 45. Ke3 Rc4 46. Kd3 Ra4 47. Rc5 Kd6 48. Rc8 Rxa5 49. Rh8 Ke5 50. Rxh6 Ra3+ 51. Ke2 f5 52. Rh8 Kf4 53. gxf5 Re3+ 54. Kd2 Rxf3 55. Rf8 Kg5 56. Rxf7 Rxf5 57. Rxf5+ Kxf5 58. Kc3 Kg5 59. Kb4 1/2-1/2

[Event "17th Asian Continental-ch Women 2018"]
[Site "Makati City"]
[Date "2018.12.16"]
[Round "7.5"]
[White "Li, Xueyi"]
[Black "Gong, Qianyun"]
[Result "0-1"]
[ECO "A00"]
[WhiteElo "2187"]
[BlackElo "2312"]
[PlyCount "62"]
[EventDate "2018.12.07"]
[EventType "swiss"]
[EventCountry "PHI"]
[TimeControl "40/5400+30:1800+30"]

1. d4 Nf6 2. c4 e6 3. g3 d5 4. Bg2 dxc4 5. Nf3 Bd7 6. O-O Bc6 7. Qc2 b5 8. Bg5 Be7 9. Nbd2 O-O 10. e4 Bb7 11. Bxf6 Bxf6 12. e5 Be7 13. Ng5 Bxg5 14. Bxb7 Nd7 15. Bxa8 Qxa8 16. Ne4 Be7 17. b3 Nb6 18. bxc4 bxc4 19. h4 h6 20. a4 a5 21. Nd2 Rd8 22. Nxc4 Rxd4 23. Nxb6 cxb6 24. Rfd1 Rg4 25. Rac1 Bc5 26. Kh2 g5 27. Kh3 Qf3 28. Kh2 Bxf2 29. Qg6+ fxg6 30. Rd8+ Kg7 31. Rc7+ Qf7 0-1